 Dungeon Crawl Stone Soup version 0.30-a0-137-gd8773701ce (webtiles) character file.

Game seed: 9782300284577987950

58 IdlyInterested the Cutter (level 3, -5/27 HPs)
             Began as a Demonspawn Gladiator on Sept 22, 2022.
             Slain by Terence
             ... wielding a +0 flail
              (9 damage)
             ... on level 2 of the Dungeon.
             The game lasted 00:04:51 (1550 turns).

IdlyInterested the Cutter (Demonspawn Gladiator)    Turns: 1550, Time: 00:04:52

Health: -5/27      AC:  4    Str: 14    XL:     3   Next: 75%
Magic:  4/4        EV: 12    Int:  9    God:
Gold:   105        SH:  0    Dex: 16    Spells: 2/2 levels left

rFire   . . .      SeeInvis .    a - +1 rapier
rCold   . . .      Faith    .    (no shield)
rNeg    . . .      Spirit   .    b - +0 leather armour
rPois   .          Reflect  .    c - +0 helmet
rElec   .          Harm     .    (no cloak)
rCorr   .          Rampage  .    (no gloves)
Will    .....                    (no boots)
Stlth   ++........               (no amulet)
HPRegen 0.09/turn                (no ring)
MPRegen 0.09/turn                (no ring)

@: no status effects
A: powered by death 2
a: no special abilities


You were on level 2 of the Dungeon.
You visited 1 branch of the dungeon, and saw 2 of its levels.

You collected 105 gold pieces.

Inventory:

Hand Weapons
 a - a +1 rapier (weapon)
 l - a +2 dagger of speed
Missiles
 e - a javelin (quivered)
Armour
 b - a +0 leather armour (worn)
 c - a +0 helmet (worn)
Scrolls
 f - 2 scrolls of fog
 g - 2 scrolls of teleportation
 k - a scroll of magic mapping {unknown}
Potions
 h - a potion of mutation
 i - a potion of resistance
 j - 2 potions of curing
 m - 2 potions of brilliance {unknown}
 n - a potion of cancellation {unknown}
 o - a potion of degeneration {unknown}
 p - a potion of haste


   Skills:
 - Level 2.0 Fighting
 + Level 3.1 Short Blades
 - Level 2.0 Throwing
 - Level 2.6 Dodging
 * Level 2.2 Stealth
 - Level 2.0 Invocations


You had 2 spell levels left.
You didn't know any spells.
Your spell library contained the following spells:

 Spells                   Type           Power      Damage    Failure   Level
 Animate Armour           Summ/Erth      0%         N/A       99%         4
 Summon Cactus Giant      Summ           0%         N/A       100%        6


Dungeon Overview and Level Annotations

Branches:
Dungeon (2/15)

Altars:

Shops:
D:2 =!

Annotations:
D:2 Terence


Innate Abilities, Weirdness & Mutations

You regenerate health from kills.


Message History

Terence misses you.
Throw: 3 throwing nets
Press: ? - help, Shift-Dir - straight line, f - Terence
Aim: Terence, wielding a +0 flail and wearing a +0 scale mail (moderately wounded, fast, 65% to hit)
You throw a throwing net.
The throwing net closely misses Terence.
Terence hits you but does no damage.
Throw: 2 throwing nets
Press: ? - help, Shift-Dir - straight line, f/p - Terence
Aim: Terence, wielding a +0 flail and wearing a +0 scale mail (moderately wounded, fast, 65% to hit)
You throw a throwing net.
The throwing net closely misses Terence.
You feel sick.
You are no longer poisoned.
Terence barely misses you.
Throw: throwing net
Press: ? - help, Shift-Dir - straight line, f/p - Terence
Aim: Terence, wielding a +0 flail and wearing a +0 scale mail (moderately wounded, fast, 65% to hit)
You throw a throwing net. The throwing net hits Terence.
Terence is caught in the net!
Terence is moderately wounded.
Terence struggles against the net. x2
You hit Terence.
Terence is heavily wounded.
Terence struggles against the net.
You hit Terence.
Terence is almost dead.
Terence is no longer moving quickly.
Terence drinks a potion.
Terence seems to speed up.
Terence struggles against the net.
The net rips apart, and Terence comes free!
You hit Terence.
Terence is almost dead.
Terence barely misses you.
You barely miss Terence.
Terence is almost dead.
Terence looks scornfully at you. Terence hits you with a +0 flail.
* * * LOW HITPOINT WARNING * * *
Terence hits you with a +0 flail!
You die...

#.# #.#
#.# #.#
#.# #.#
#.# #.##
#.# #..#
#.# #..
#.# #.#
#.#####.#
#....@@(#
#########


You could see Terence (fast).

Vanquished Creatures
  2 adders (D:2)
  A worm (D:2)
  5 bats
  6 endoplasms
  2 giant cockroaches (D:1)
  A goblin (D:2)
  3 hobgoblins (D:1)
  2 quokkas (D:1)
  5 ball pythons
  A frilled lizard (D:2)
  3 kobolds
  4 rats
35 creatures vanquished.

Vanquished Creatures (others)
  2 fungi (D:1)
2 creatures vanquished.

Grand Total: 37 creatures vanquished

Notes
Turn   | Place    | Note
-------+----------+-------------------------------------------
     0 | D:1      | IdlyInterested the Demonspawn Gladiator began the quest for
                  | the Orb.
     0 | D:1      | Reached XP level 1. HP: 16/16 MP: 1/1
   339 | D:1      | Gained mutation: You regenerate a little health from kills.
                  | [demonic ancestry]
   339 | D:1      | Reached XP level 2. HP: 22/22 MP: 2/2
   369 | D:1      | Reached skill level 1 in Stealth
   375 | D:1      | Reached skill level 1 in Invocations
   522 | D:1      | Found a faded altar of an unknown god.
   831 | D:1      | Got Koev's Almanac of Calling
   997 | D:2      | Reached skill level 3 in Short Blades
   997 | D:2      | Gained mutation: You regenerate health from kills. [demonic
                  | ancestry]
   997 | D:2      | Reached XP level 3. HP: 27/27 MP: 4/4
  1090 | D:2      | Found Meikin's Jewellery Shoppe.
  1180 | D:2      | Found Hineav's Distillery.
  1522 | D:2      | Noticed Terence
  1550 | D:2      | Slain by Terence

Illustrated notes

Levels and vault maps discovered:
D:1:      nicolae_arrival_somewhat_less_tricky_arrival, layout_loops_ring,
          shapermc_ecumenical_altar_acropolis
D:2:      layout_loops_ring, serial_shops, nicolae_diamond_shop, shop, shop,
          shop_statue, uniq_terence

Skill      XL: |  1  2  3 |
---------------+----------+-----
Throwing       | 2 |  2.0
Stealth        | 1 2 |  2.2
Invocations    | 2 |  2.0
Short Blades   | 3 |  3.1
Fighting       | |  2.0
Dodging        | |  2.6

Action                   || total
-------------------------++-------
Melee: Rapier            ||   110
Throw: Throwing net      ||     3
  Use: Scroll            ||     4
       Potion            ||     2
 Stab: Sleeping          ||     3
Armor: Leather armour    ||    33
Dodge: Dodged            ||    62

Table legend: (Time is in decaauts)
 A = Elapsed time spent in this place.
 B = Non-inter-level travel time spent in this place.
 C = Inter-level travel time spent in this place.
 D = Time resting spent in this place.
 E = Time spent auto-exploring this place.
 F = Levels seen in this place.
 G = Mean time per level.
                   A        B        C        D        E       F      G
               +--------+--------+--------+--------+--------+-----+--------+
         Total |   1556 |   1506 |     50 |     48 |   1106 |   2 |  778.0 |
       Dungeon |   1556 |   1506 |     50 |     48 |   1106 |   2 |  778.0 |
               +--------+--------+--------+--------+--------+-----+--------+

Top non-repeatable levels by time:
     D:1: 982 daAuts
     D:2: 574 daAuts
